Lightning vs Capitals
Created - 4 décembre 2016 at 19:05
Goals
|
| Lightning |
4 |
2 |
1 |
7 |
| Capitals |
0 |
1 |
2 |
3 |
|
Shots
|
| Lightning |
12 |
19 |
13 |
44 |
| Capitals |
2 |
4 |
20 |
26 |
|
1st period
1. Lightning , Sheldon Keefe 4 (Logan Couture, Brent Burns) at 15:13
2. Lightning , Wayne Simmonds 4 (Robert Nilsson) at 15:19
3. Lightning , Henrik Zetterberg 9 (Robert Nilsson) at 17:29 (PP)
4. Lightning , Robert Nilsson 12 (Henrik Zetterberg, Wayne Simmonds) at 17:37
Penalties :
Cody Franson (Was) for Hooking (Minor) at 2:34, Jamie Langenbrunner (TB.) for Hooking (Minor) at 12:49, Patrik Elias (Was) for Hooking (Minor) at 17:27
2nd period
5. Lightning , Wayne Simmonds 5 (Henrik Zetterberg, Robert Nilsson) at 0:15
6. Lightning , Henrik Zetterberg 10 (Robert Nilsson, Victor Hedman) at 13:28
7. Capitals , Scottie Upshall 9 (Chris Kelly, Adam Hall) at 16:12
Penalties :
Logan Couture (TB.) for Cross-checking (Minor) at 1:14, James Neal (Was) for High sticking (Minor) at 5:58, Johnny Oduya (Was) for Fighting (Major) at 13:33, Henrik Zetterberg (TB.) for Fighting (Major) at 13:33, Paul Martin (Was) for Roughing (Minor) at 13:44, Robert Nilsson (TB.) for Hooking (Minor) at 16:19
3rd period
8. Lightning , Robert Nilsson 13 (Henrik Zetterberg, Kris Versteeg) at 7:13 (PP)
9. Capitals , Jason Spezza 12 (James Neal) at 15:57 (PP)
10. Capitals , Ryan Callahan 3 (Patrik Elias, Cody Franson) at 17:17
Penalties :
Henrik Zetterberg (TB.) for Hooking (Minor) at 2:19, Patrik Elias (Was) for Roughing (Minor) at 7:01, Henrik Zetterberg (TB.) for Hooking (Minor) at 13:08, John Carlson (TB.) for Hooking (Minor) at 15:26
Goalie Stats
Tyler Weiman (TB.), 23 saves from 26 shots - (0,885), W, 11-5-2, 60:00 minutes
Jaroslav Halak (Was), 29 saves from 32 shots - (0,906), 42:23 minutes
Braden Holtby (Was), 8 saves from 12 shots - (0,667), L, 0-1-0, 17:37 minutes
Players Stats for Lightning
Player Name G A P +/- PIM S H SB GA TA FO MP PP MP PK MP
------------------------------------------------------------------------------------
Andy Rogers 0 0 0 -2 0 0 0 4 0 1 0/0 20:25 0:36 6:46
Brent Burns 0 1 1 5 0 1 0 1 2 1 0/0 27:46 3:56 3:40
Chris Higgins 0 0 0 0 0 4 1 0 0 0 0/0 17:14 3:04 1:06
Daniel Carcillo 0 0 0 -2 0 3 2 0 0 0 0/0 9:24 0:09 0:09
Darroll Powe 0 0 0 0 0 1 1 0 0 0 1/2 9:44 0:00 3:53
Henrik Zetterberg 2 3 5 4 9 6 5 0 0 0 0/1 16:23 2:20 0:00
Jamie Langenbrunner 0 0 0 -1 2 0 1 0 0 0 0/0 11:34 0:00 2:01
Jeff Schultz 0 0 0 4 0 4 3 1 0 1 0/0 23:45 0:00 6:15
John Carlson 0 0 0 -2 2 2 2 0 2 2 0/0 17:26 4:00 0:00
Kris Versteeg 0 1 1 0 0 1 1 0 1 0 1/1 15:48 3:07 0:00
Logan Couture 0 1 1 -1 2 5 2 0 0 0 3/15 16:32 0:38 5:19
Pierre-Luc Létourneau 0 0 0 0 0 0 0 0 0 0 0/0 5:42 0:00 0:00
Pierre-Marc Bouchard 0 0 0 0 0 2 0 0 4 0 5/8 16:24 3:04 0:16
Robert Nilsson 2 4 6 4 2 7 0 0 0 1 18/33 20:01 3:07 1:52
Sheldon Keefe 1 0 1 1 0 1 2 0 0 0 0/2 13:05 0:00 6:16
Victor Hedman 0 1 1 0 0 3 0 0 0 1 0/0 13:04 2:11 0:31
Wayne Simmonds 2 1 3 4 0 3 5 0 0 0 1/2 17:37 3:04 0:00
Wes O'Neill 0 0 0 1 0 1 1 3 0 0 0/0 17:33 1:39 3:40
Players Stats for Capitals
Player Name G A P +/- PIM S H SB GA TA FO MP PP MP PK MP
------------------------------------------------------------------------------------
Adam Hall 0 1 1 1 0 0 0 0 2 0 0/0 12:35 0:03 0:00
Chris Kelly 0 1 1 1 0 1 1 0 0 0 3/6 14:31 0:00 1:59
Cody Franson 0 1 1 0 2 2 1 0 0 1 0/0 21:20 4:22 2:22
Daniel Sedin 0 0 0 -4 0 1 3 1 0 2 0/2 22:51 5:38 2:20
James Neal 0 1 1 -4 2 1 0 0 2 0 1/1 20:37 5:38 0:00
Jason Spezza 1 0 1 -5 0 5 4 2 0 1 24/41 25:31 5:38 3:43
Jay Harrison 0 0 0 0 0 0 0 0 0 1 0/0 4:17 0:00 1:20
Joe Thornton 0 0 0 0 0 1 2 0 0 0 7/12 23:09 4:45 3:43
Johnny Oduya 0 0 0 -3 5 1 2 1 0 1 0/0 25:33 4:51 1:54
Marek Zidlicky 0 0 0 0 0 1 1 0 0 1 0/0 11:31 1:13 0:00
Mark Giordano 0 0 0 -1 0 0 2 1 0 0 0/0 12:11 0:00 2:34
Patrik Elias 0 1 1 1 4 4 2 4 1 1 0/1 18:15 4:45 0:08
Paul Martin 0 0 0 -2 2 2 4 0 0 0 0/0 25:05 6:05 1:54
Ryan Callahan 1 0 1 1 0 2 3 0 1 0 0/0 18:02 4:45 0:00
Saku Koivu 0 0 0 -1 0 0 0 0 0 0 0/0 2:58 0:00 0:29
Scottie Upshall 1 0 1 1 0 2 0 0 1 1 0/1 12:50 0:03 0:00
Tyler Seguin 0 0 0 0 0 0 0 0 0 0 0/0 2:00 0:03 0:00
Zdeno Chara 0 0 0 0 0 3 1 3 0 0 0/0 20:27 4:21 2:18
3 Stars
1 - Robert Nilsson (TB.)
2 - Wayne Simmonds (TB.)
3 - Henrik Zetterberg (TB.)
Power Play
Lightning - 2 on 5 Attempt(s) - 40,00%
Capitals - 1 on 6 Attempt(s) - 16,67%
Penalty Kill
Lightning - 5 on 6 Attempt(s) - 83,33%
- Score 0 goal in Penalty Kill
Capitals - 3 on 5 Attempt(s) - 60,00%
- Score 0 goal in Penalty Kill
Team Stat
Lightning - Hits : 26 - Faceoff Wins : 29 - Blocked Shots : 9 - Penalty Minutes : 17
Capitals - Hits : 26 - Faceoff Wins : 35 - Blocked Shots : 12 - Penalty Minutes : 15
Official
Referees : Kowal Tom and Fraser Kerry
Linesman : David Brisebois and Jonny Murray
Game Notes
Jaroslav Halak enters game at 17:37 of 1st period
Johnny Oduya and Henrik Zetterberg fight to a draw at 13:33 of 2nd period
Finance
Level 1 -- Attendance: 6000 (100,00%) -- Ticket Income 462 000 $
Level 2 -- Attendance: 4878 (97,56%) -- Ticket Income 204 876 $
Level 3 -- Attendance: 1818 (90,90%) -- Ticket Income 49 086 $
Level 4 -- Attendance: 4000 (100,00%) -- Ticket Income 64 000 $
Luxury Box -- Attendance: 1000 (100,00%) -- Ticket Income 163 000 $
Game was played at the Verizon Center.
Total Attendance: 17696 (98,31%)
Total Ticket Income: 942 962 $
Other Income: 141 444 $
Total Income: 1 084 406 $
Lightning
5 vs 5 Forward
Center Left Wing Right Wing Time % Phy DF OF
1 Robert Nilsson Henrik Zetterberg Wayne Simmonds 40 1 2 2
2 Pierre-Marc Bouchard Chris Higgins Kris Versteeg 30 1 2 2
3 Logan Couture Daniel Carcillo Jamie Langenbrunner 20 1 2 2
4 Darroll Powe Pierre-Luc Létourneau Sheldon Keefe 10 1 2 2
5 vs 5 Defense
Defense Defense Time % Phy DF OF
1 Brent Burns Jeff Schultz 40 1 2 2
2 John Carlson Andy Rogers 30 1 2 2
3 Wes O'Neill Victor Hedman 20 1 2 2
4 Brent Burns John Carlson 10 1 2 2
PowerPlay Forward
Center Left Wing Right Wing Time % Phy DF OF
1 Robert Nilsson Henrik Zetterberg Kris Versteeg 60 1 2 2
2 Pierre-Marc Bouchard Chris Higgins Wayne Simmonds 40 1 2 2
PowerPlay Defense
Defense Defense Time % Phy DF OF
1 Brent Burns John Carlson 60 1 2 2
2 Victor Hedman Brent Burns 40 1 2 2
Penalty Kill 4 Players Forward
Center Wing Time % Phy DF OF
1 Logan Couture Sheldon Keefe 60 1 2 2
2 Darroll Powe Jamie Langenbrunner 40 1 2 2
Penalty Kill 4 Players Defense
Defense Defense Time % Phy DF OF
1 Andy Rogers Jeff Schultz 60 1 2 2
2 Brent Burns Wes O'Neill 40 1 2 2
Penalty Kill - 3 Players Forward
Forward Time % Phy DF OF
1 Wayne Simmonds 60 1 2 2
2 Logan Couture 40 1 2 2
Penalty Kill - 3 Players Defense
Defense Defense Time % Phy DF OF
1 Brent Burns Jeff Schultz 60 1 2 2
2 John Carlson Andy Rogers 40 1 2 2
4 vs 4 Forward
Center Wing Time % Phy DF OF
1 Robert Nilsson Kris Versteeg 60 1 2 2
2 Pierre-Marc Bouchard Henrik Zetterberg 40 1 2 2
4 vs 4 Defense
Defense Defense Time % Phy DF OF
1 Brent Burns Jeff Schultz 60 1 2 2
2 John Carlson Andy Rogers 40 1 2 2
Last Minutes Offensive
Center Left Wing Right Wing Defense Defense
Robert Nilsson Henrik Zetterberg Kris Versteeg Brent Burns John Carlson
Last Minutes Defensive
Center Left Wing Right Wing Defense Defense
Robert Nilsson Henrik Zetterberg Wayne Simmonds Andy Rogers Jeff Schultz
Goaltenders
Starting : Tyler Weiman
Backup : Erik Ersberg
Extra Forwards
Normal : Logan Couture, Daniel Carcillo, Sheldon Keefe - PP : Logan Couture, Daniel Carcillo - PK : Robert Nilsson
Extra Defensemen
Normal : Wes O'Neill, Victor Hedman, John Carlson - PP : Wes O'Neill - PK : Victor Hedman, John Carlson
Penalty Shots
Henrik Zetterberg, Robert Nilsson, Logan Couture, Chris Higgins, Daniel Carcillo
Capitals
5 vs 5 Forward
Center Left Wing Right Wing Time % Phy DF OF
1 Jason Spezza Daniel Sedin James Neal 40 1 2 2
2 Joe Thornton Patrik Elias Ryan Callahan 30 1 2 2
3 Chris Kelly Scottie Upshall Adam Hall 20 1 2 2
4 Saku Koivu Jason Spezza Joe Thornton 10 1 2 2
5 vs 5 Defense
Defense Defense Time % Phy DF OF
1 Johnny Oduya Paul Martin 40 1 2 2
2 Cody Franson Zdeno Chara 30 1 2 2
3 Marek Zidlicky Mark Giordano 20 1 2 2
4 Jay Harrison Johnny Oduya 10 1 2 2
PowerPlay Forward
Center Left Wing Right Wing Time % Phy DF OF
1 Jason Spezza Daniel Sedin James Neal 60 1 2 2
2 Joe Thornton Patrik Elias Ryan Callahan 40 1 2 2
PowerPlay Defense
Defense Defense Time % Phy DF OF
1 Johnny Oduya Paul Martin 60 1 2 2
2 Cody Franson Zdeno Chara 40 1 2 2
Penalty Kill 4 Players Forward
Center Wing Time % Phy DF OF
1 Jason Spezza Joe Thornton 60 1 2 2
2 Daniel Sedin Chris Kelly 40 1 2 2
Penalty Kill 4 Players Defense
Defense Defense Time % Phy DF OF
1 Johnny Oduya Paul Martin 60 1 2 2
2 Cody Franson Zdeno Chara 40 1 2 2
Penalty Kill - 3 Players Forward
Forward Time % Phy DF OF
1 Jason Spezza 60 1 2 2
2 Joe Thornton 40 1 2 2
Penalty Kill - 3 Players Defense
Defense Defense Time % Phy DF OF
1 Johnny Oduya Paul Martin 60 1 2 2
2 Cody Franson Zdeno Chara 40 1 2 2
4 vs 4 Forward
Center Wing Time % Phy DF OF
1 Jason Spezza Joe Thornton 60 1 2 2
2 Daniel Sedin Chris Kelly 40 1 2 2
4 vs 4 Defense
Defense Defense Time % Phy DF OF
1 Johnny Oduya Paul Martin 60 1 2 2
2 Cody Franson Zdeno Chara 40 1 2 2
Last Minutes Offensive
Center Left Wing Right Wing Defense Defense
Jason Spezza Daniel Sedin James Neal Johnny Oduya Paul Martin
Last Minutes Defensive
Center Left Wing Right Wing Defense Defense
Jason Spezza Daniel Sedin James Neal Johnny Oduya Paul Martin
Goaltenders
Starting : Braden Holtby
Backup : Jaroslav Halak
Extra Forwards
Normal : Tyler Seguin, Scottie Upshall, Saku Koivu - PP : Tyler Seguin, Scottie Upshall - PK : Saku Koivu
Extra Defensemen
Normal : Marek Zidlicky, Mark Giordano, Jay Harrison - PP : Marek Zidlicky - PK : Mark Giordano, Jay Harrison
Penalty Shots
Jason Spezza, Joe Thornton, Daniel Sedin, Chris Kelly, James Neal
% Time on Ice - Lightning
Lines # - Real PCT - Wanted PCT - Time Play
Normal Forward
1 - 36% - 40% - 15:39
2 - 30% - 30% - 12:56
3 - 21% - 20% - 9:06
4 - 13% - 10% - 5:42
Normal Defense
1 - 40% - 40% - 17:25
2 - 31% - 30% - 13:18
3 - 25% - 20% - 10:49
4 - 4% - 10% - 1:51
PP Forward
1 - 50% - 60% - 3:07
2 - 50% - 40% - 3:04
PP Defense
1 - 65% - 60% - 4:00
2 - 35% - 40% - 2:11
PK Forward
1 - 73% - 60% - 7:40
2 - 27% - 40% - 2:46
PK Defense
1 - 65% - 60% - 6:46
2 - 35% - 40% - 3:40
PK3 Forward
1 - 0% - 60%
2 - 0% - 40%
PK3 Defense
1 - 0% - 60%
2 - 0% - 40%
44 Forward
1 - 0% - 60%
2 - 0% - 40%
44 Defense
1 - 0% - 60%
2 - 0% - 40%
Last Minute Offensive - 0:00
Last Minute Defensive - 0:00
Total
Forward - 60:00
Defense - 60:00
|
% Time on Ice - Capitals
Lines # - Real PCT - Wanted PCT - Time Play
Normal Forward
1 - 36% - 40% - 15:27
2 - 31% - 30% - 13:17
3 - 29% - 20% - 12:32
4 - 5% - 10% - 2:07
Normal Defense
1 - 39% - 40% - 17:07
2 - 32% - 30% - 13:48
3 - 22% - 20% - 9:37
4 - 7% - 10% - 2:51
PP Forward
1 - 54% - 60% - 5:41
2 - 46% - 40% - 4:45
PP Defense
1 - 58% - 60% - 6:05
2 - 42% - 40% - 4:21
PK Forward
1 - 68% - 60% - 4:12
2 - 32% - 40% - 1:59
PK Defense
1 - 63% - 60% - 3:53
2 - 37% - 40% - 2:18
PK3 Forward
1 - 0% - 60%
2 - 0% - 40%
PK3 Defense
1 - 0% - 60%
2 - 0% - 40%
44 Forward
1 - 0% - 60%
2 - 0% - 40%
44 Defense
1 - 0% - 60%
2 - 0% - 40%
Last Minute Offensive - 0:00
Last Minute Defensive - 0:00
Total
Forward - 60:00
Defense - 60:00
|
Play by Play
1st period
0:01 of 1st period - Robert Nilsson wins face-off versus Daniel Sedin in neutral zone.
0:51 of 1st period - Scottie Upshall is hit by Jamie Langenbrunner and loses puck.
1:12 of 1st period - Darroll Powe is hit by Jason Spezza and loses puck.
1:34 of 1st period - Off-side.
1:35 of 1st period - Robert Nilsson wins face-off versus Jason Spezza in neutral zone.
1:40 of 1st period - Wrist shot by Robert Nilsson.
1:40 of 1st period - Stopped by Braden Holtby with a rebound.
1:42 of 1st period - Slapshot by Brent Burns.
1:42 of 1st period - Shot Blocked by Johnny Oduya.
1:44 of 1st period - Slapshot by Jeff Schultz.
1:44 of 1st period - Stopped by Braden Holtby without a rebound.
1:45 of 1st period - Joe Thornton wins face-off versus Pierre-Marc Bouchard in Capitals zone.
2:22 of 1st period - Slapshot by Henrik Zetterberg.
2:22 of 1st period - Deflect By Robert Nilsson.
2:22 of 1st period - Stopped by Braden Holtby with a rebound.
2:34 of 1st period - Minor Penalty to Cody Franson for Hooking.
2:35 of 1st period - Jason Spezza wins face-off versus Robert Nilsson in Capitals zone.
3:51 of 1st period - Icing by Kris Versteeg.
3:52 of 1st period - Robert Nilsson wins face-off versus Daniel Sedin in Lightning zone.
4:06 of 1st period - Wes O'Neill is hit by Jason Spezza.
4:18 of 1st period - Pierre-Marc Bouchard is hit by Daniel Sedin and loses puck.
4:34 of 1st period - Penalty to Cody Franson is over, Cody Franson is back on ice.
5:00 of 1st period - Sheldon Keefe is hit by Johnny Oduya.
6:02 of 1st period - Joe Thornton is hit by Daniel Carcillo and loses puck.
6:44 of 1st period - Snap shot by Chris Higgins.
6:44 of 1st period - Stopped by Braden Holtby with a rebound.
7:14 of 1st period - Jason Spezza is hit by Wayne Simmonds and loses puck.
7:45 of 1st period - Wrist shot by Darroll Powe.
7:45 of 1st period - Shot Blocked by Mark Giordano.
8:50 of 1st period - Wrist shot by Sheldon Keefe.
8:50 of 1st period - Shot Misses the Net.
8:52 of 1st period - Snap shot by Darroll Powe.
8:52 of 1st period - Stopped by Braden Holtby without a rebound.
8:53 of 1st period - Robert Nilsson wins face-off versus Chris Kelly in Capitals zone.
10:05 of 1st period - Sheldon Keefe is hit by Mark Giordano and loses puck.
10:26 of 1st period - Snap shot by Logan Couture.
10:26 of 1st period - Stopped by Braden Holtby without a rebound.
10:27 of 1st period - Chris Kelly wins face-off versus Logan Couture in Capitals zone.
10:36 of 1st period - Adam Hall is hit by Logan Couture and loses puck.
10:43 of 1st period - Snap shot by Daniel Carcillo.
10:43 of 1st period - Stopped by Braden Holtby with a rebound.
10:53 of 1st period - Johnny Oduya is hit by Henrik Zetterberg.
12:02 of 1st period - Wrist shot by Scottie Upshall.
12:02 of 1st period - Shot Misses the Net.
12:49 of 1st period - Minor Penalty to Jamie Langenbrunner for Hooking.
12:50 of 1st period - Jason Spezza wins face-off versus Logan Couture in Lightning zone.
13:56 of 1st period - Wes O'Neill is hit by Johnny Oduya and loses puck.
14:08 of 1st period - Icing by Paul Martin.
14:09 of 1st period - Jason Spezza wins face-off versus Sheldon Keefe in Capitals zone.
14:09 of 1st period - Jason Spezza is hit by Sheldon Keefe.
14:49 of 1st period - Penalty to Jamie Langenbrunner is over, Jamie Langenbrunner is back on ice.
15:11 of 1st period - Snap shot by Logan Couture.
15:11 of 1st period - Stopped by Braden Holtby with a rebound.
15:13 of 1st period - Wrist shot by Sheldon Keefe.
15:13 of 1st period - Goal by Sheldon Keefe - Lightning : 1 - Capitals : 0.
15:14 of 1st period - Robert Nilsson wins face-off versus Jason Spezza in neutral zone.
15:19 of 1st period - Snap shot by Wayne Simmonds.
15:19 of 1st period - Goal by Wayne Simmonds - Lightning : 2 - Capitals : 0.
15:20 of 1st period - James Neal wins face-off versus Robert Nilsson in neutral zone.
15:33 of 1st period - Slapshot by Jason Spezza.
15:33 of 1st period - Shot Misses the Net.
16:22 of 1st period - John Carlson is hit by Ryan Callahan and loses puck.
16:45 of 1st period - Snap shot by Jason Spezza.
16:45 of 1st period - Shot Misses the Net.
16:57 of 1st period - John Carlson is hit by Chris Kelly.
17:13 of 1st period - Kris Versteeg is hit by Mark Giordano and loses puck.
17:27 of 1st period - Minor Penalty to Patrik Elias for Hooking.
17:28 of 1st period - Robert Nilsson wins face-off versus Jason Spezza in Capitals zone.
17:29 of 1st period - Snap shot by Henrik Zetterberg.
17:29 of 1st period - Goal by Henrik Zetterberg - Lightning : 3 - Capitals : 0.
17:30 of 1st period - Robert Nilsson wins face-off versus Jason Spezza in neutral zone.
17:37 of 1st period - Snap shot by Robert Nilsson.
17:37 of 1st period - Goal by Robert Nilsson - Lightning : 4 - Capitals : 0.
17:37 of 1st period - Jaroslav Halak enters game.
17:38 of 1st period - Jason Spezza wins face-off versus Robert Nilsson in neutral zone.
18:09 of 1st period - Snap shot by Patrik Elias.
18:09 of 1st period - Stopped by Tyler Weiman without a rebound.
18:10 of 1st period - Pierre-Marc Bouchard wins face-off versus Jason Spezza in Lightning zone.
18:31 of 1st period - Snap shot by Chris Higgins.
18:31 of 1st period - Deflect By Pierre-Marc Bouchard.
18:31 of 1st period - Shot Blocked by Daniel Sedin.
18:31 of 1st period - Puck is out of play.
18:32 of 1st period - Joe Thornton wins face-off versus Robert Nilsson in Capitals zone.
19:08 of 1st period - Slapshot by Pierre-Marc Bouchard.
19:08 of 1st period - Shot Misses the Net.
19:20 of 1st period - Slapshot by Cody Franson.
19:20 of 1st period - Stopped by Tyler Weiman with a rebound.
19:52 of 1st period - Wrist shot by Sheldon Keefe.
19:52 of 1st period - Shot Misses the Net.
Goals for this period are 4 for Lightning vs 0 for Capitals.
Shots for this period are 12 for Lightning vs 2 for Capitals.
2nd period
0:01 of 2nd period - Robert Nilsson wins face-off versus Jason Spezza in neutral zone.
0:08 of 2nd period - Jason Spezza is hit by Wayne Simmonds and loses puck.
0:13 of 2nd period - Wrist shot by Henrik Zetterberg.
0:13 of 2nd period - Stopped by Jaroslav Halak with a rebound.
0:15 of 2nd period - Backhand shot by Wayne Simmonds.
0:15 of 2nd period - Goal by Wayne Simmonds - Lightning : 5 - Capitals : 0.
0:16 of 2nd period - Jason Spezza wins face-off versus Robert Nilsson in neutral zone.
0:19 of 2nd period - Slapshot by Paul Martin.
0:19 of 2nd period - Stopped by Tyler Weiman without a rebound.
0:20 of 2nd period - Jason Spezza wins face-off versus Robert Nilsson in Lightning zone.
0:21 of 2nd period - Slapshot by James Neal.
0:21 of 2nd period - Stopped by Tyler Weiman with a rebound.
0:55 of 2nd period - Snap shot by Ryan Callahan.
0:55 of 2nd period - Stopped by Tyler Weiman with a rebound.
1:14 of 2nd period - Minor Penalty to Logan Couture for Cross-checking.
1:15 of 2nd period - Robert Nilsson wins face-off versus Jason Spezza in Lightning zone.
1:46 of 2nd period - Wrist shot by Joe Thornton.
1:46 of 2nd period - Shot Blocked by Andy Rogers.
3:14 of 2nd period - Penalty to Logan Couture is over, Logan Couture is back on ice.
3:30 of 2nd period - Slapshot by Henrik Zetterberg.
3:30 of 2nd period - Stopped by Jaroslav Halak without a rebound.
3:31 of 2nd period - Robert Nilsson wins face-off versus Chris Kelly in Capitals zone.
3:40 of 2nd period - Slapshot by Robert Nilsson.
3:40 of 2nd period - Stopped by Jaroslav Halak with a rebound.
3:42 of 2nd period - Slapshot by Brent Burns.
3:42 of 2nd period - Stopped by Jaroslav Halak without a rebound.
3:43 of 2nd period - Robert Nilsson wins face-off versus Jason Spezza in Capitals zone.
3:44 of 2nd period - Wrist shot by Henrik Zetterberg.
3:44 of 2nd period - Stopped by Jaroslav Halak without a rebound.
3:45 of 2nd period - Jason Spezza wins face-off versus Robert Nilsson in Capitals zone.
3:56 of 2nd period - Wrist shot by James Neal.
3:56 of 2nd period - Shot Misses the Net.
3:58 of 2nd period - Slapshot by James Neal.
3:58 of 2nd period - Shot Blocked by Wes O'Neill.
4:51 of 2nd period - Daniel Sedin is hit by Daniel Carcillo and loses puck.
5:36 of 2nd period - Adam Hall is hit by Darroll Powe and loses puck.
5:58 of 2nd period - Minor Penalty to James Neal for High sticking.
5:59 of 2nd period - Jason Spezza wins face-off versus Robert Nilsson in Capitals zone.
7:09 of 2nd period - Joe Thornton is hit by Wayne Simmonds and loses puck.
7:40 of 2nd period - Henrik Zetterberg is hit by Cody Franson and loses puck.
7:58 of 2nd period - Penalty to James Neal is over, James Neal is back on ice.
8:34 of 2nd period - Jason Spezza is hit by Sheldon Keefe and loses puck.
8:45 of 2nd period - Wes O'Neill is hit by Marek Zidlicky and loses puck.
9:18 of 2nd period - Snap shot by Daniel Carcillo.
9:18 of 2nd period - Stopped by Jaroslav Halak with a rebound.
9:20 of 2nd period - Slapshot by Victor Hedman.
9:20 of 2nd period - Stopped by Jaroslav Halak with a rebound.
9:22 of 2nd period - Slapshot by Wes O'Neill.
9:22 of 2nd period - Shot Blocked by Zdeno Chara.
9:24 of 2nd period - Wrist shot by Logan Couture.
9:24 of 2nd period - Deflect By Daniel Carcillo.
9:24 of 2nd period - Stopped by Jaroslav Halak with a rebound.
9:26 of 2nd period - Backhand shot by Victor Hedman.
9:26 of 2nd period - Stopped by Jaroslav Halak with a rebound.
9:36 of 2nd period - Robert Nilsson is hit by Patrik Elias and loses puck.
10:08 of 2nd period - Slapshot by John Carlson.
10:08 of 2nd period - Stopped by Jaroslav Halak with a rebound.
10:38 of 2nd period - Patrik Elias is hit by Logan Couture and loses puck.
10:55 of 2nd period - Mark Giordano is hit by John Carlson and loses puck.
11:15 of 2nd period - Patrik Elias is hit by John Carlson and loses puck.
11:36 of 2nd period - Chris Kelly is hit by Henrik Zetterberg and loses puck.
12:12 of 2nd period - Daniel Sedin is hit by Wes O'Neill and loses puck.
12:37 of 2nd period - Marek Zidlicky is hit by Henrik Zetterberg.
12:44 of 2nd period - Snap shot by Henrik Zetterberg.
12:44 of 2nd period - Deflect By Wayne Simmonds.
12:44 of 2nd period - Shot Misses the Net.
12:44 of 2nd period - Puck is out of play.
12:45 of 2nd period - Logan Couture wins face-off versus Chris Kelly in Capitals zone.
12:50 of 2nd period - Snap shot by Daniel Carcillo.
12:50 of 2nd period - Shot Misses the Net.
12:52 of 2nd period - Wrist shot by Logan Couture.
12:52 of 2nd period - Stopped by Jaroslav Halak with a rebound.
13:21 of 2nd period - Marek Zidlicky is hit by Henrik Zetterberg and loses puck.
13:28 of 2nd period - Wrist shot by Henrik Zetterberg.
13:28 of 2nd period - Goal by Henrik Zetterberg - Lightning : 6 - Capitals : 0.
13:29 of 2nd period - Jason Spezza wins face-off versus Robert Nilsson in neutral zone.
13:33 of 2nd period - Johnny Oduya and Henrik Zetterberg fight to a draw.
13:33 of 2nd period - Penalty to Johnny Oduya for Fighting.
13:33 of 2nd period - Penalty to Henrik Zetterberg for Fighting.
13:34 of 2nd period - Robert Nilsson wins face-off versus Jason Spezza in Capitals zone.
13:37 of 2nd period - Snap shot by Robert Nilsson.
13:37 of 2nd period - Deflect By Logan Couture.
13:37 of 2nd period - Stopped by Jaroslav Halak with a rebound.
13:39 of 2nd period - Snap shot by Jeff Schultz.
13:39 of 2nd period - Shot Blocked by Jason Spezza.
13:44 of 2nd period - Minor Penalty to Paul Martin for Roughing.
13:45 of 2nd period - Jason Spezza wins face-off versus Robert Nilsson in Capitals zone.
14:44 of 2nd period - Icing by Chris Higgins.
14:45 of 2nd period - Jason Spezza wins face-off versus Pierre-Marc Bouchard in Lightning zone.
15:04 of 2nd period - Victor Hedman is hit by Daniel Sedin and loses puck.
15:30 of 2nd period - Cody Franson is hit by Wayne Simmonds.
15:34 of 2nd period - Jason Spezza is hit by Chris Higgins and loses puck.
15:39 of 2nd period - Snap shot by Wayne Simmonds.
15:39 of 2nd period - Shot Misses the Net.
15:41 of 2nd period - Slapshot by Wes O'Neill.
15:41 of 2nd period - Deflect By Joe Thornton.
15:41 of 2nd period - Stopped by Jaroslav Halak with a rebound.
15:44 of 2nd period - Penalty to Paul Martin is over, Paul Martin is back on ice.
15:47 of 2nd period - Snap shot by Wayne Simmonds.
15:47 of 2nd period - Shot Hit the Post.
15:49 of 2nd period - Backhand shot by Victor Hedman.
15:49 of 2nd period - Stopped by Jaroslav Halak without a rebound.
15:50 of 2nd period - Chris Kelly wins face-off versus Logan Couture in Capitals zone.
15:58 of 2nd period - Off-side.
15:59 of 2nd period - Chris Kelly wins face-off versus Logan Couture in neutral zone.
16:10 of 2nd period - Snap shot by Chris Kelly.
16:10 of 2nd period - Shot Misses the Net.
16:12 of 2nd period - Snap shot by Scottie Upshall.
16:12 of 2nd period - Goal by Scottie Upshall - Lightning : 6 - Capitals : 1.
16:13 of 2nd period - Jason Spezza wins face-off versus Robert Nilsson in neutral zone.
16:19 of 2nd period - Minor Penalty to Robert Nilsson for Hooking.
16:20 of 2nd period - Jason Spezza wins face-off versus Logan Couture in Lightning zone.
16:20 of 2nd period - Wrist shot by James Neal.
16:20 of 2nd period - Shot Blocked by Andy Rogers.
16:22 of 2nd period - Snap shot by James Neal.
16:22 of 2nd period - Shot Misses the Net.
16:24 of 2nd period - Wrist shot by James Neal.
16:24 of 2nd period - Deflect By Jason Spezza.
16:24 of 2nd period - Shot Misses the Net.
16:24 of 2nd period - Puck is out of play.
16:25 of 2nd period - Jason Spezza wins face-off versus Logan Couture in Lightning zone.
16:42 of 2nd period - Logan Couture is hit by Paul Martin and loses puck.
16:55 of 2nd period - Andy Rogers is hit by Paul Martin and loses puck.
17:02 of 2nd period - Slapshot by Jeff Schultz.
17:02 of 2nd period - Stopped by Jaroslav Halak without a rebound.
17:03 of 2nd period - Logan Couture wins face-off versus Jason Spezza in Capitals zone.
17:08 of 2nd period - Slapshot by Logan Couture.
17:08 of 2nd period - Shot Hit the Post.
17:14 of 2nd period - Sheldon Keefe is hit by Zdeno Chara and loses puck.
17:31 of 2nd period - Slapshot by Cody Franson.
17:31 of 2nd period - Shot Blocked by Wes O'Neill.
17:43 of 2nd period - Sheldon Keefe is hit by Joe Thornton and loses puck.
18:19 of 2nd period - Penalty to Robert Nilsson is over, Robert Nilsson is back on ice.
18:39 of 2nd period - Wes O'Neill is hit by Paul Martin and loses puck.
18:54 of 2nd period - Snap shot by Logan Couture.
18:54 of 2nd period - Stopped by Jaroslav Halak with a rebound.
19:08 of 2nd period - Snap shot by Chris Higgins.
19:08 of 2nd period - Shot Misses the Net.
19:10 of 2nd period - Wrist shot by Kris Versteeg.
19:10 of 2nd period - Shot Misses the Net.
19:12 of 2nd period - Slapshot by Chris Higgins.
19:12 of 2nd period - Stopped by Jaroslav Halak without a rebound.
19:13 of 2nd period - Pierre-Marc Bouchard wins face-off versus Joe Thornton in Capitals zone.
Goals for this period are 2 for Lightning vs 1 for Capitals.
Shots for this period are 19 for Lightning vs 4 for Capitals.
3rd period
0:01 of 3rd period - Jason Spezza wins face-off versus Robert Nilsson in neutral zone.
0:27 of 3rd period - Off-side.
0:28 of 3rd period - Joe Thornton wins face-off versus Pierre-Marc Bouchard in neutral zone.
0:47 of 3rd period - Snap shot by Chris Higgins.
0:47 of 3rd period - Shot Blocked by Patrik Elias.
1:07 of 3rd period - Snap shot by Chris Higgins.
1:07 of 3rd period - Shot Blocked by Patrik Elias.
1:17 of 3rd period - Snap shot by Chris Higgins.
1:17 of 3rd period - Stopped by Jaroslav Halak with a rebound.
1:19 of 3rd period - Snap shot by Wes O'Neill.
1:19 of 3rd period - Shot Blocked by Patrik Elias.
1:41 of 3rd period - Slapshot by Pierre-Marc Bouchard.
1:41 of 3rd period - Shot Misses the Net.
1:43 of 3rd period - Snap shot by Andy Rogers.
1:43 of 3rd period - Shot Blocked by Patrik Elias.
1:45 of 3rd period - Snap shot by Chris Higgins.
1:45 of 3rd period - Stopped by Jaroslav Halak with a rebound.
1:47 of 3rd period - Slapshot by John Carlson.
1:47 of 3rd period - Stopped by Jaroslav Halak with a rebound.
1:49 of 3rd period - Slapshot by John Carlson.
1:49 of 3rd period - Shot Blocked by Zdeno Chara.
1:51 of 3rd period - Slapshot by Kris Versteeg.
1:51 of 3rd period - Deflect By Chris Higgins.
1:51 of 3rd period - Shot Misses the Net.
1:51 of 3rd period - Puck is out of play.
1:52 of 3rd period - Jason Spezza wins face-off versus Wayne Simmonds in Capitals zone.
1:52 of 3rd period - Jason Spezza is hit by Henrik Zetterberg.
1:57 of 3rd period - Off-side.
1:58 of 3rd period - Robert Nilsson wins face-off versus Jason Spezza in neutral zone.
2:13 of 3rd period - Johnny Oduya is hit by Wayne Simmonds and loses puck.
2:19 of 3rd period - Minor Penalty to Henrik Zetterberg for Hooking.
2:20 of 3rd period - Logan Couture wins face-off versus Jason Spezza in Lightning zone.
2:30 of 3rd period - Slapshot by Paul Martin.
2:30 of 3rd period - Deflect By Jason Spezza.
2:30 of 3rd period - Shot Misses the Net.
2:30 of 3rd period - Puck is out of play.
2:31 of 3rd period - Jason Spezza wins face-off versus Logan Couture in Lightning zone.
2:44 of 3rd period - Wrist shot by Daniel Sedin.
2:44 of 3rd period - Shot Misses the Net.
2:46 of 3rd period - Wrist shot by James Neal.
2:46 of 3rd period - Shot Misses the Net.
3:06 of 3rd period - Slapshot by Zdeno Chara.
3:06 of 3rd period - Stopped by Tyler Weiman without a rebound.
3:07 of 3rd period - Darroll Powe wins face-off versus Jason Spezza in Lightning zone.
4:19 of 3rd period - Penalty to Henrik Zetterberg is over, Henrik Zetterberg is back on ice.
4:30 of 3rd period - Snap shot by Chris Kelly.
4:30 of 3rd period - Stopped by Tyler Weiman with a rebound.
4:32 of 3rd period - Slapshot by Chris Kelly.
4:32 of 3rd period - Shot Misses the Net.
4:34 of 3rd period - Snap shot by Zdeno Chara.
4:34 of 3rd period - Stopped by Tyler Weiman without a rebound.
4:35 of 3rd period - Robert Nilsson wins face-off versus Joe Thornton in Lightning zone.
4:35 of 3rd period - Robert Nilsson is hit by Joe Thornton.
4:41 of 3rd period - Snap shot by Joe Thornton.
4:41 of 3rd period - Stopped by Tyler Weiman with a rebound.
4:43 of 3rd period - Slapshot by Marek Zidlicky.
4:43 of 3rd period - Stopped by Tyler Weiman without a rebound.
4:44 of 3rd period - Robert Nilsson wins face-off versus Joe Thornton in Lightning zone.
4:44 of 3rd period - Robert Nilsson is hit by Ryan Callahan.
4:53 of 3rd period - Brent Burns is hit by Patrik Elias.
4:55 of 3rd period - Slapshot by Robert Nilsson.
4:55 of 3rd period - Stopped by Jaroslav Halak without a rebound.
4:56 of 3rd period - Robert Nilsson wins face-off versus Jason Spezza in Capitals zone.
4:59 of 3rd period - Wrist shot by Wayne Simmonds.
4:59 of 3rd period - Shot Misses the Net.
5:47 of 3rd period - Snap shot by Scottie Upshall.
5:47 of 3rd period - Stopped by Tyler Weiman with a rebound.
6:10 of 3rd period - Off-side.
6:11 of 3rd period - Jason Spezza wins face-off versus Henrik Zetterberg in neutral zone.
6:47 of 3rd period - Wrist shot by Henrik Zetterberg.
6:47 of 3rd period - Stopped by Jaroslav Halak with a rebound.
6:49 of 3rd period - Snap shot by Wayne Simmonds.
6:49 of 3rd period - Stopped by Jaroslav Halak without a rebound.
6:50 of 3rd period - Pierre-Marc Bouchard wins face-off versus Joe Thornton in Capitals zone.
6:59 of 3rd period - Slapshot by Pierre-Marc Bouchard.
6:59 of 3rd period - Stopped by Jaroslav Halak with a rebound.
7:01 of 3rd period - Minor Penalty to Patrik Elias for Roughing.
7:02 of 3rd period - Robert Nilsson wins face-off versus Jason Spezza in Capitals zone.
7:05 of 3rd period - Wrist shot by Kris Versteeg.
7:05 of 3rd period - Shot Blocked by Jason Spezza.
7:11 of 3rd period - Slapshot by Robert Nilsson.
7:11 of 3rd period - Stopped by Jaroslav Halak with a rebound.
7:13 of 3rd period - Slapshot by Robert Nilsson.
7:13 of 3rd period - Goal by Robert Nilsson - Lightning : 7 - Capitals : 1.
7:14 of 3rd period - Jason Spezza wins face-off versus Robert Nilsson in neutral zone.
7:20 of 3rd period - Slapshot by Daniel Sedin.
7:20 of 3rd period - Shot Misses the Net.
7:22 of 3rd period - Slapshot by Jason Spezza.
7:22 of 3rd period - Stopped by Tyler Weiman without a rebound.
7:23 of 3rd period - Jason Spezza wins face-off versus Robert Nilsson in Lightning zone.
7:36 of 3rd period - Slapshot by Daniel Sedin.
7:36 of 3rd period - Stopped by Tyler Weiman with a rebound.
7:38 of 3rd period - Slapshot by Johnny Oduya.
7:38 of 3rd period - Stopped by Tyler Weiman with a rebound.
7:40 of 3rd period - Wrist shot by Jason Spezza.
7:40 of 3rd period - Stopped by Tyler Weiman without a rebound.
7:41 of 3rd period - Pierre-Marc Bouchard wins face-off versus Patrik Elias in Lightning zone.
8:07 of 3rd period - Chris Higgins is hit by Jason Spezza and loses puck.
8:12 of 3rd period - Robert Nilsson is hit by Jason Spezza and loses puck.
8:49 of 3rd period - Darroll Powe is hit by Ryan Callahan and loses puck.
10:31 of 3rd period - Ryan Callahan is hit by Kris Versteeg and loses puck.
10:48 of 3rd period - Wes O'Neill is hit by Daniel Sedin and loses puck.
12:41 of 3rd period - Wrist shot by Kris Versteeg.
12:41 of 3rd period - Stopped by Jaroslav Halak with a rebound.
12:43 of 3rd period - Slapshot by Jeff Schultz.
12:43 of 3rd period - Stopped by Jaroslav Halak with a rebound.
12:45 of 3rd period - Slapshot by Jeff Schultz.
12:45 of 3rd period - Stopped by Jaroslav Halak with a rebound.
12:57 of 3rd period - Zdeno Chara is hit by Jeff Schultz and loses puck.
13:08 of 3rd period - Minor Penalty to Henrik Zetterberg for Hooking.
13:09 of 3rd period - Jason Spezza wins face-off versus Logan Couture in Lightning zone.
13:14 of 3rd period - Snap shot by James Neal.
13:14 of 3rd period - Shot Misses the Net.
13:16 of 3rd period - Slapshot by Paul Martin.
13:16 of 3rd period - Deflect By Jason Spezza.
13:16 of 3rd period - Stopped by Tyler Weiman without a rebound.
13:17 of 3rd period - Jason Spezza wins face-off versus Logan Couture in Lightning zone.
13:50 of 3rd period - Wrist shot by Patrik Elias.
13:50 of 3rd period - Stopped by Tyler Weiman without a rebound.
13:51 of 3rd period - Joe Thornton wins face-off versus Darroll Powe in Lightning zone.
13:52 of 3rd period - Snap shot by Patrik Elias.
13:52 of 3rd period - Shot Blocked by Wes O'Neill.
15:08 of 3rd period - Penalty to Henrik Zetterberg is over, Henrik Zetterberg is back on ice.
15:26 of 3rd period - Minor Penalty to John Carlson for Hooking.
15:27 of 3rd period - Joe Thornton wins face-off versus Logan Couture in Lightning zone.
15:31 of 3rd period - Snap shot by Patrik Elias.
15:31 of 3rd period - Shot Blocked by Andy Rogers.
15:33 of 3rd period - Slapshot by Zdeno Chara.
15:33 of 3rd period - Stopped by Tyler Weiman without a rebound.
15:34 of 3rd period - Joe Thornton wins face-off versus Logan Couture in Lightning zone.
15:49 of 3rd period - Snap shot by Joe Thornton.
15:49 of 3rd period - Shot Misses the Net.
15:51 of 3rd period - Slapshot by Cody Franson.
15:51 of 3rd period - Stopped by Tyler Weiman without a rebound.
15:52 of 3rd period - Jason Spezza wins face-off versus Sheldon Keefe in Lightning zone.
15:55 of 3rd period - Snap shot by Jason Spezza.
15:55 of 3rd period - Shot Blocked by Andy Rogers.
15:57 of 3rd period - Wrist shot by Jason Spezza.
15:57 of 3rd period - Goal by Jason Spezza - Lightning : 7 - Capitals : 2.
15:58 of 3rd period - Jason Spezza wins face-off versus Robert Nilsson in neutral zone.
16:07 of 3rd period - Snap shot by James Neal.
16:07 of 3rd period - Shot Blocked by Brent Burns.
16:09 of 3rd period - Wrist shot by Jason Spezza.
16:09 of 3rd period - Shot Blocked by Jeff Schultz.
16:11 of 3rd period - Slapshot by Jason Spezza.
16:11 of 3rd period - Stopped by Tyler Weiman with a rebound.
16:13 of 3rd period - Slapshot by Paul Martin.
16:13 of 3rd period - Stopped by Tyler Weiman without a rebound.
16:14 of 3rd period - Pierre-Marc Bouchard wins face-off versus Joe Thornton in Lightning zone.
16:29 of 3rd period - Wrist shot by Pierre-Marc Bouchard.
16:29 of 3rd period - Stopped by Jaroslav Halak with a rebound.
16:41 of 3rd period - Daniel Sedin is hit by Jeff Schultz and loses puck.
17:06 of 3rd period - Backhand shot by Adam Hall.
17:06 of 3rd period - Shot Misses the Net.
17:11 of 3rd period - Icing by Daniel Carcillo.
17:12 of 3rd period - Joe Thornton wins face-off versus Logan Couture in Lightning zone.
17:13 of 3rd period - Snap shot by Patrik Elias.
17:13 of 3rd period - Stopped by Tyler Weiman with a rebound.
17:15 of 3rd period - Slapshot by Cody Franson.
17:15 of 3rd period - Shot Misses the Net.
17:17 of 3rd period - Wrist shot by Patrik Elias.
17:17 of 3rd period - Deflect By Ryan Callahan.
17:17 of 3rd period - Goal by Ryan Callahan - Lightning : 7 - Capitals : 3.
17:18 of 3rd period - Wayne Simmonds wins face-off versus Jason Spezza in neutral zone.
17:29 of 3rd period - Jeff Schultz is hit by Paul Martin and loses puck.
17:57 of 3rd period - Slapshot by Patrik Elias.
17:57 of 3rd period - Stopped by Tyler Weiman with a rebound.
18:03 of 3rd period - Joe Thornton is hit by Jeff Schultz and loses puck.
18:25 of 3rd period - Icing by Andy Rogers.
18:26 of 3rd period - Kris Versteeg wins face-off versus Jason Spezza in Lightning zone.
18:44 of 3rd period - Off-side.
18:45 of 3rd period - Robert Nilsson wins face-off versus Scottie Upshall in neutral zone.
19:14 of 3rd period - Wrist shot by Logan Couture.
19:14 of 3rd period - Shot Blocked by Zdeno Chara.
19:44 of 3rd period - Slapshot by Pierre-Marc Bouchard.
19:44 of 3rd period - Shot Misses the Net.
Goals for this period are 1 for Lightning vs 2 for Capitals.
Shots for this period are 13 for Lightning vs 20 for Capitals.
Back to the Top